 Dungeon Sprint DCSS version 0.19-a0-895-gdbd5520 (webtiles) character file.

2540 LORDOFBUTT the Grappler (level 9, -11/101 HPs)
             Began as a Troll Monk on July 4, 2016.
             Was an Initiate of Gozag.
             Mangled by a spiny frog (16 damage)
             ... in the Dungeon (Sprint IX: "|||||||||||||||||||||||||||||").
             The game lasted 00:02:12 (463 turns).

LORDOFBUTT the Grappler (Troll Monk)                 Turns: 463, Time: 00:02:13

Health: -11/101    AC:  6    Str: 21    XL:     9   Next: 30%
Magic:  8/8        EV: 17    Int:  6    God:    Gozag
Gold:   189        SH:  0    Dex: 15    Spells: 0 memorised, 8 levels left

rFire  . . .     SeeInvis .       - Unarmed
rCold  . . .     Gourm    +     a - +0 robe
rNeg   . . .     Faith    .     (no shield)
rPois  .         Spirit   .     (helmet restricted)
rElec  .         Dismiss  .     o - +0 cloak
rCorr  .         Reflect  .     (gloves unavailable)
SustAt .         Harm     .     (boots unavailable)
MR     .....     NoTele   +     (no amulet)
Stlth  ++........               (no ring)
                                (no ring)

@: lethally poisoned (-11 -> -11), gold aura, not resistant to hostile
enchantments, unstealthy
A: unfitting armour, claws 3, fast metabolism 3, gourmand, regeneration 2,
shaggy fur 1, tough skin 2
a: Potion Petition, Call Merchant, Bribe Branch, Renounce Religion


You were in the Dungeon.
You worshipped Gozag.
Gozag was noncommittal.
You were not hungry.

You visited 1 branch You collected 189 gold pieces.

Inventory:

Armour
 a - a +0 robe (worn)
 o - a +0 cloak (worn)
Jewellery
 m - a +3 ring of intelligence
 n - a +2 ring of evasion
Wands
 l - a wand of iceblast (7/15)
Scrolls
 h - 3 scrolls of blinking
 j - 5 scrolls of remove curse
 k - 2 scrolls of amnesia
 r - a scroll of enchant armour
 s - a scroll of recharging
 t - a scroll of fog
Potions
 c - 2 potions of curing
 d - 4 potions of heal wounds
 e - 3 potions of haste
 f - 4 potions of magic
 g - 2 potions of berserk rage
 i - a potion of invisibility
 p - a potion of brilliance
 q - a potion of agility
Comestibles
 b - a bread ration


   Skills:
 + Level 9.7 Fighting
 + Level 11.1 Dodging
 + Level 4.2 Stealth
 + Level 12.1 Unarmed Combat


You had 8 spell levels left.
You didn't know any spells.

Dungeon Overview and Level Annotations

Branches:
Dungeon (1/1)

Altars:
Cheibriados
Dithmenos
Elyvilon
Fedhas
Gozag
Hepliaklqana
Kikubaaqudgha
Makhleb
Nemelex Xobeh
Okawaru
Pakellas
Qazlal
Ru
Sif Muna
Trog
Uskayaw
Vehumet
Xom
Yredelemnul
Zin
The Shining One
Beogh
Jiyva
Lugonu

Annotations:
D Sonja


Innate Abilities, Weirdness & Mutations

You are too large for most types of armour.
You have claws for hands.
Your metabolism is lightning-fast.
You like to eat raw meat.
You heal very quickly.
You are covered in fur. (AC +1)
You have very tough skin. (AC +2)


Message History

The crocodile misses you.
You closely miss the crocodile.
The crocodile is moderately wounded.
The crocodile misses you.
You scratch the crocodile but do no damage.
The crocodile is moderately wounded.
You feel sick. The crocodile closely misses you.
You closely miss the crocodile.
The crocodile is moderately wounded.
You mangle the crocodile!!
You kill the crocodile!
You claw the spiny frog!
The spiny frog is moderately wounded.
The spiny frog stings you!!
* * * LOW HITPOINT WARNING * * *
You scratch the spiny frog.
The spiny frog is heavily wounded.
You feel sick. The spiny frog stings you!
You die...
Your body crumbles into a pile of gold.

▓▓▓▓▓▓▓▓▓▓▓▓▓▓▓▓▓▓▓▓▓▓▓▓▓▓▓▓▓▓▓▓▓
_______________________'..|).[[..
▓▓▓▓▓▓▓▓▓▓▓▓▓▓▓▓▓▓▓▓▓▓▓▓▓▓▓▓▓▓▓▓▓
....(............................
▓▓▓▓▓▓▓▓▓▓▓▓▓▓▓▓▓▓▓▓▓▓▓▓▓▓▓▓▓▓▓▓▓
...'.........'$.@Fl.Y..+ $
▓▓▓▓▓▓▓▓▓▓▓▓▓▓▓▓▓▓▓▓▓▓▓▓


$$$$$$$$$ $$$$$$$$$$$$ $$$$$ $ $ You could see a yak, a spiny frog and an
iguana.

Vanquished Creatures
  3 spiny frogs (D)
  A troll (D)
  A yak (D)
  A basilisk (D)
  A porcupine (D)
  2 water moccasins (D)
  An orc warrior (D)
  A centaur (D)
  5 crocodiles (D)
  2 giant frogs (D)
  A killer bee (D)
  2 crimson imps (D)
  A jelly (D)
  A gnoll shaman (D)
  A hound (D)
  A river rat (D)
  3 adder skeletons (D)
  3 orcs (D)
  2 bats (D)
  A giant cockroach (D)
  A hobgoblin (D)
  A quokka (D)
  A rat (D)
37 creatures vanquished.

Notes
Turn   | Place    | Note
-------+----------+-------------------------------------------
     0 | D        | LORDOFBUTT the Troll Monk began the quest for the Orb.
     0 | D        | Reached XP level 1. HP: 22/22 MP: 0/0
    18 | D        | Noticed a gnoll shaman
    18 | D        | Noticed a crimson imp
    28 | D        | Killed a gnoll shaman
    28 | D        | Reached skill level 4 in Unarmed Combat
    28 | D        | Reached XP level 2. HP: 32/32 MP: 1/1
    28 | D        | Reached XP level 3. HP: 39/39 MP: 2/2
    29 | D        | Reached skill level 5 in Unarmed Combat
    29 | D        | Reached XP level 4. HP: 49/49 MP: 3/3
    61 | D        | Found a glowing silver altar of Zin.
    61 | D        | Found a glowing golden altar of the Shining One.
    61 | D        | Found an ancient bone altar of Kikubaaqudgha.
    61 | D        | Found a basalt altar of Yredelemnul.
    61 | D        | Found a shimmering altar of Xom.
    61 | D        | Found a radiant altar of Vehumet.
    62 | D        | Found an iron altar of Okawaru.
    63 | D        | Found a burning altar of Makhleb.
    64 | D        | Found a deep blue altar of Sif Muna.
    65 | D        | Found a bloodstained altar of Trog.
    66 | D        | Found a sparkling altar of Nemelex Xobeh.
    67 | D        | Found a white marble altar of Elyvilon.
    68 | D        | Found a roughly hewn altar of Beogh.
    69 | D        | Found a viscous altar of Jiyva.
    70 | D        | Found a corrupted altar of Lugonu.
    71 | D        | Found a blossoming altar of Fedhas.
    72 | D        | Found a snail-covered altar of Cheibriados.
    73 | D        | Found a shadowy altar of Dithmenos.
    74 | D        | Found a stormy altar of Qazlal.
    75 | D        | Found an opulent altar of Gozag.
    76 | D        | Found a sacrificial altar of Ru.
    77 | D        | Found an oddly glowing altar of Pakellas.
    78 | D        | Found a hide-covered altar of Uskayaw.
    79 | D        | Found a hazy altar of Hepliaklqana.
    85 | D        | Became a worshipper of Gozag Ym Sagoz the Greedy
   106 | D        | Noticed a centaur
   106 | D        | Noticed a yak
   106 | D        | Noticed an orc warrior
   108 | D        | Killed a centaur
   108 | D        | Reached skill level 5 in Fighting
   108 | D        | Reached skill level 5 in Dodging
   108 | D        | Reached skill level 6 in Unarmed Combat
   108 | D        | Reached XP level 5. HP: 57/57 MP: 4/4
   122 | D        | Killed a yak
   122 | D        | Reached skill level 8 in Unarmed Combat
   122 | D        | Reached XP level 6. HP: 40/68 MP: 5/5
   125 | D        | Killed an orc warrior
   136 | D        | Noticed a troll
   150 | D        | Killed a troll
   150 | D        | Reached skill level 9 in Unarmed Combat
   150 | D        | Reached XP level 7. HP: 49/79 MP: 6/6
   251 | D        | Noticed Sonja
   341 | D        | Noticed a spiny frog
   342 | D        | Noticed a spiny frog
   348 | D        | Killed a spiny frog
   348 | D        | Reached skill level 10 in Unarmed Combat
   348 | D        | Reached XP level 8. HP: 50/88 MP: 7/7
   365 | D        | Reached skill level 10 in Dodging
   370 | D        | HP: 1/91 [spiny frog (21)]
   373 | D        | Killed a spiny frog
   373 | D        | Reached skill level 11 in Unarmed Combat
   424 | D        | Noticed a spiny frog
   425 | D        | Noticed a spiny frog
   432 | D        | Killed a spiny frog
   432 | D        | Reached XP level 9. HP: 56/100 MP: 8/8
   439 | D        | Reached skill level 12 in Unarmed Combat
   463 | D        | HP: 5/101 [poisoned by a spiny frog]
   463 | D        | Mangled by a spiny frog

Vault maps used:
D:        linesprint

Skill      XL: |  1  2  3  4  5  6  7  8  9 |
---------------+----------------------------+-----
Fighting       | 3 4 5 6 7 8 9 |  9.7
Dodging        | 3 4 5 7 8 9 10 11 | 11.1
Unarmed Combat | 4 5 6 8 9 10 11 12 | 12.1
Stealth        | 2 3 4 |  4.2

Action                   |  1- 3 |  4- 6 |  7- 9 || total
-------------------------+-------+-------+-------++-------
Melee: Unarmed           |    17 |    42 |    69 ||   128
       Punch             |       |     3 |     3 ||     6
  Use: Potion            |       |       |     4 ||     4
 Stab: Sleeping          |       |       |     2 ||     2
       Distracted        |       |       |     3 ||     3
  Eat: Bread ration      |       |       |     1 ||     1
Armor: Robe              |     7 |     8 |     8 ||    23
Dodge: Dodged            |    13 |    16 |    32 ||    61
